 Dungeon Crawl Stone Soup version 0.31.0-9-g3a7656b989 (webtiles) character file.

Game seed: 12680795353743349179

16 qw the Shooter (level 2, -1/16 HPs)
             Began as a Deep Elf Hunter on Feb 2, 2024.
             Killed by nerve-wracking pain
             ... invoked by Jessica
              (8 damage)
             ... on level 2 of the Dungeon.
             The game lasted 00:00:01 (577 turns).

qw the Shooter (Deep Elf Hunter)                     Turns: 577, Time: 00:00:02

Health: -1/16      AC:  3    Str:  8    XL:     2   Next: 41%
Magic:  4/4        EV: 12    Int: 13    God:
Gold:   30         SH:  0    Dex: 18    Spells: 1/1 levels left

rFire   . . .        a - +0 shortbow
rCold   . . .        (shield currently unavailable)
rNeg    . . .        c - +0 leather armour
rPois   .            (no helmet)
rElec   .            (no cloak)
rCorr   .            (no gloves)
SInv    .            (no boots)
Will    .....        (no amulet)
Stlth   ++           (no ring)
HPRegen 0.22/turn    (no ring)
MPRegen 0.09/turn

%: no passive effects
@: no status effects
A: no striking features
a: no special abilities


You were on level 2 of the Dungeon.
You visited 1 branch of the dungeon, and saw 2 of its levels.

You collected 30 gold pieces.


   Skills:
 - Level 1.5 Fighting
 + Level 6.2 Ranged Weapons
 - Level 2.4 Dodging
 - Level 1.2 Stealth


You had one spell level left.
You didn't know any spells.
Your spell library was empty.

Inventory:

Hand Weapons
 a - a +0 shortbow (weapon)
Armour
 c - a +0 leather armour (worn)
Potions
 d - a potion of might {unknown}
 e - a potion of curing
 f - a potion of magic {unknown}
 g - a potion of heal wounds {unknown}
 h - a potion of resistance {unknown}

Dungeon Overview and Level Annotations

Branches:
Dungeon (2/15)

Altars:

Shops:
D:1 *

Annotations:
D:2 Jessica


Message History

The ribbon worm is almost dead.
The ribbon worm expels a string of sticky webbing.
The stream of webbing misses you.
You shoot an arrow. The arrow hits the ribbon worm.
The ribbon worm is almost dead.
The ribbon worm bites you.
You shoot an arrow. The arrow hits the ribbon worm.
You kill the ribbon worm!
You start resting.
HP restored.
You now have 30 gold pieces (gained 6).
A bat comes into view.
You shoot an arrow.
The arrow hits the bat but does no damage.
You shoot an arrow. The arrow hits the bat.
You kill the bat!
You see here a bat corpse.
You enter the shallow water.
Moving in this stuff is going to be slow.
Jessica the Apprentice Sorceress comes into view.
She is wielding a +0 dagger.
Enter note:
Enter note: You shoot an arrow.
The arrow hits Jessica.
Jessica shouts!
Jessica is lightly wounded.
You shoot an arrow. The arrow completely misses Jessica.
You shoot an arrow. The arrow barely misses Jessica.
Jessica gestures at you while chanting. Pain shoots through your body!
Ouch! That really hurt!
You shoot an arrow. The arrow completely misses Jessica.
You shoot an arrow. The arrow barely misses Jessica.
You shoot an arrow. The arrow hits Jessica.
Jessica is heavily wounded.
You shoot an arrow. The arrow closely misses Jessica.
A gnoll comes into view. It is wielding a +0 whip.
Jessica casts a spell at you. Pain shoots through your body!
Ouch! That really hurt!
You die...

## ....g +.. #...##.
...##.###..... .............
#..........# #..........# .#
#. #........@.#### .##. #
#.....##.@....#. ...#.
#.....##........# ##....
#.#................ ...>.
#................... #...
######.###....##~#....####.#
.######.# #..#~#~~###..#.....
........###..#~~~~~ #..#.##.#
.######.#...##~#~~#~~#.#....#
............#~~~~~~~~#.#....#


You could see a gnoll (wandering) and Jessica.

Vanquished Creatures
  A ribbon worm (D:2)
  3 bats
  2 endoplasms (D:1)
  2 hobgoblins (D:1)
  2 quokkas (D:1)
  3 frilled lizards (D:1)
13 creatures vanquished.

Notes
Turn   | Place    | Note
-------+----------+-------------------------------------------
     0 | D:1      | qw the Deep Elf Hunter began the quest for the Orb.
     0 | D:1      | Reached XP level 1. HP: 12/12 MP: 3/3
     0 | D:1      | 0 ||| qw: Version: 0.3-a-155-g5e7d8dd
     0 | D:1      | 0 ||| qw: Game counter: 1547
     0 | D:1      | 0 ||| qw: Melee chars always use a shield: true
     0 | D:1      | 0 ||| qw: God list: Okawaru
     0 | D:1      | 0 ||| qw: Allow faded altars: false
     0 | D:1      | 0 ||| qw: Do Orc after clearing Dungeon:15 true
     0 | D:1      | 0 ||| qw: Do second Lair branch before Depths: true
     0 | D:1      | 0 ||| qw: Lair rune preference: random
     0 | D:1      | 0 ||| qw: Goals: Normal
     0 | D:1      | 0 ||| PLANNING D:1-11
   190 | D:1      | Found a faded altar of an unknown god.
   228 | D:1      | Reached XP level 2. HP: 16/16 MP: 4/4
   278 | D:1      | Reached skill level 6 in Ranged Weapons
   309 | D:1      | Found Hov Gaso's General Store.
   316 | D:1      | 316 ||| SHOPLISTING +6 ring of dexterity (432 gold, have
                  | 24).
   316 | D:1      | 316 ||| SHOPLISTING potion of heal wounds (60 gold, have
                  | 24).
   316 | D:1      | 316 ||| SHOPLISTING scroll of teleportation (36 gold, have
                  | 24).
   316 | D:1      | 316 ||| SHOPLISTING wand of polymorph (5) (84 gold, have
                  | 24).
   420 | D:1      | 420 ||| READING scroll labelled BAAFOCKEIST.
   420 | D:1      | 420 ||| ENCHANTING +0 shortbow.
   421 | D:1      | 421 ||| DRINKING 2 brown potions.
   422 | D:1      | 422 ||| DROPPING scroll of butterflies.
   570 | D:2      | Noticed Jessica
   577 | D:2      | Killed from afar by Jessica

Levels and vault maps discovered:
D:1:      roderic_dead_forest, layout_rooms, serial_shops, shop,
          shapermc_ecumenical_altar_gd
D:2:      layout_basic, serial_corexii_hall, corexii_hall_statues_deadend,
          chequers_hall_statues_corner_a, corexii_hall_statues_i, minivault_4,
          minmay_quantized, uniq_jessica

Skill      XL: |  1  2 |
---------------+-------+-----
Ranged Weapons | 6 |  6.2
Fighting       | |  1.5
Dodging        | |  2.4
Stealth        | |  1.2

Action                     || total
---------------------------++-------
   Fire: Shortbow          ||    45
    Use: Scroll            ||     1
         Potion            ||     1
 Armour: Leather armour    ||     5
  Dodge: Dodged            ||     7

Table legend:
 A = Non-vault XP
 B = Vault XP
 C = Vault XP percentage of total XP
 D = Non-vault monster count
 E = Vault monster count
 F = Vault count percentage of total count
                 A         B        C        D         E       F
            +---------+---------+-------+---------+---------+-------
      Total |      24 |       0 |   0.0 |      13 |       0 |   0.0
            +---------+---------+-------+---------+---------+-------
        D:1 |      17 |       0 |   0.0 |      10 |       0 |   0.0
        D:2 |       7 |       0 |   0.0 |       3 |       0 |   0.0
            +---------+---------+-------+---------+---------+-------
